 Dungeon Crawl Stone Soup version 0.20-a0-148-gb6cfb21 (webtiles) character file.

10122 Yakui the Covert (level 11, 0/58 HPs)
             Began as a Vine Stalker Assassin on Nov 19, 2016.
             Was a Priest of Uskayaw.
             Slain by a jumping spider (8 damage)
             ... on level 2 of the Lair of Beasts on Nov 21, 2016.
             The game lasted 00:42:55 (11067 turns).

Yakui the Covert (Vine Stalker Assassin)           Turns: 11067, Time: 00:42:56

Health: 0/58       AC: 10    Str: 15    XL:     11   Next: 57%
Magic:  0/16       EV: 14    Int: 25    God:    Uskayaw [***...]
Gold:   513        SH:  5    Dex: 18    Spells: 5/10 levels left

rFire  . . .     SeeInvis .     Q - +4 scimitar (flame)
rCold  . . .     Gourm    .     t - +1 scale mail {rPois}
rNeg   . . .     Faith    .     k - +0 buckler
rPois  +         Spirit   +     (no helmet)
rElec  .         Reflect  .     d - +0 cloak
rCorr  .         Harm     .     (no gloves)
MR     .....                    H - +0 pair of boots
Stlth  +++.......               (no amulet)
                                u - ring "Killoliu" {MR- EV+1 Int+9}
                                x - +5 ring of intelligence

@: no status effects
A: fangs 3, regeneration 1, magic shield, antimagic bite, no device heal 3, rot
immunity
a: Stomp, Line Pass, Renounce Religion


You were on level 2 of the Lair of Beasts.
You worshipped Uskayaw.
Uskayaw was noncommittal.
You were not hungry.

You visited 3 branches of the dungeon, and saw 13 of its levels.

You collected 513 gold pieces.


Innate Abilities, Weirdness & Mutations

You have razor-sharp teeth.
Your natural rate of healing is unusually fast.
When hurt, damage is shared between your health and your magic reserves.
Your bite disrupts and absorbs the magic of your enemies.
Potions and wands cannot restore your health.
You are immune to rotting.


   Skills:
 + Level 7.0 Fighting
 + Level 7.4 Short Blades
 - Level 1.7 Throwing
 + Level 5.4 Armour
 + Level 6.2 Dodging
 + Level 9.6 Stealth
 - Level 4.0 Shields
 + Level 6.5 Invocations


You had 5 spell levels left.
You knew the following spells:

 Your Spells              Type           Power        Failure   Level  Hunger
d - Repel Missiles        Chrm/Air       #.....       75%         2    ###....
z - Confuse               Hex            #.......     97%         3    ####...

Inventory:

Hand Weapons
 b - a +0 blowgun
 h - a +3 dagger of flaming
 C - a +2 dagger of freezing
 D - a +0 short sword of venom
 Q - a +4 scimitar of flaming (weapon)
Missiles
 e - 47 poisoned needles
 f - 2 curare-tipped needles {=f}
 n - 2 throwing nets {=f}
 Y - 7 poisoned tomahawks (quivered)
Armour
 d - a +0 cloak (worn)
 k - a +0 buckler (worn)
 t - a +1 scale mail of poison resistance (worn)
 z - a +0 troll leather armour
 H - a +0 pair of boots (worn)
Jewellery
 u - the ring "Killoliu" (right hand) {MR- EV+1 Int+9}

   [ring of evasion]

   It affects your evasion (+1).
   It affects your intelligence (+9).
   It affects your resistance to hostile enchantments.
 x - a +5 ring of intelligence (left hand)
 O - an uncursed ring of resist corrosion
Wands
 P - a wand of disintegration (17/24)
Scrolls
 c - 2 scrolls of teleportation {@r4}
 j - 10 scrolls of remove curse
 m - a scroll of fog
 o - a scroll of recharging {unknown}
 s - 4 scrolls of enchant weapon
 w - a scroll of magic mapping {unknown}
 A - 2 scrolls of immolation {!r}
 K - a scroll of holy word
 M - a scroll of silence {!r}
 N - 3 scrolls of amnesia {unknown}
 S - a scroll of enchant armour
Potions
 i - 3 potions of curing {@q1}
 l - 4 potions of berserk rage {!q}
 q - a potion of ambrosia
 v - 2 potions of agility
 B - a potion of invisibility
 E - 3 potions of lignification {!q}
 G - 3 potions of haste {@q3}
 J - a potion of brilliance
 L - a potion of cure mutation
 V - 2 potions of mutation {!q}
 W - a potion of might
Books
 I - a book of Misfortune

   Spells                             Type                      Level
   a - Confusing Touch                Hexes                        1
   b - Confuse                        Hexes                        3
   c - Gell's Gravitas                Hexes/Translocation          3
   d - Petrify                        Transmutation/Earth          4
   e - Metabolic Englaciation         Hexes/Ice                    5
   f - Yara's Violent Unravelling     Hexes/Transmutation          5
 U - a book of Air

   Spells                             Type                      Level
   a - Shock                          Conjuration/Air              1
   b - Swiftness                      Charms/Air                   2
   c - Repel Missiles                 Charms/Air                   2
   d - Static Discharge               Conjuration/Air              3
   e - Lightning Bolt                 Conjuration/Air              5
Comestibles
 g - 8 bread rations
 p - 7 meat rations
 r - 4 beef jerkies

Dungeon Overview and Level Annotations

Branches:
Dungeon (10/15)            Temple (1/1) D:4            Lair (2/6) D:8
 Spider (0/4) Lair:2
  Swamp: Lair:2-4    Shoals: Lair:2-4       Orc: D:9-12

Altars:
Ashenzari
Cheibriados
Dithmenos
Elyvilon
Fedhas
Gozag
Hepliaklqana
Kikubaaqudgha
Makhleb
Nemelex Xobeh
Okawaru
Qazlal
Ru
Sif Muna
Trog
Uskayaw
Vehumet
Xom
Yredelemnul
Zin
The Shining One

Annotations:
D:10 exclusion: gargoyle

.......▒▒....▒.▒..▒
▒▒.....▒▒......'..▒
▒▒....▒▒▒...▒▒▒.▒▒
▒▒▒....▒▒▒f▒▒▒▒..▒▒
........▒▒▒▒▒▒▒...▒
.......▒▒ ▒f.▒..▒▒
.......▒▒▒▒▒▒....▒
.......▒....▒▒..s▒
.......▒▒.>..▒▒▒f▒▒▒
.▒P....▒▒.s.#.^▒...▒▒
.▒▒....f▒▒....#▒▒▒†.▒
.▒▒.....▒▒▒^....▒▒^†▒
.▒▒....▒▒.▒▒^..^^▒▒.▒
..▒.....+..▒▒▒..#...▒▒
.▒.....▒▒....▒▒▒.....▒
.▒▒....▒▒.....▒▒▒...▒▒
▒▒.....▒..s...▒▒▒l..▒


You could see a jumping spider.


Message History

You bite the jumping spider, but do no damage.
The jumping spider is moderately wounded.
The jumping spider pounces on you!
* * * LOW HITPOINT WARNING * * *
The jumping spider bites you but does no damage.
The jumping spider barely misses you.
The jumping spider bites you but does no damage.
You hit the jumping spider. You burn the jumping spider.
Your bite misses the jumping spider.
The jumping spider is heavily wounded.
The jumping spider pounces on you.
* * * LOW HITPOINT WARNING * * *
The jumping spider bites you but does no damage.
The jumping spider leaps!
Uskayaw will force your foes to share their pain.
The jumping spider leaps!
The jumping spider pounces on you!
* * * LOW HITPOINT WARNING * * *
You block the jumping spider's attack. The jumping spider pounces on you.
* * * LOW HITPOINT WARNING * * *
You block the jumping spider's attack.
Uskayaw will no longer force your foes to share their pain.
Uskayaw prepares the audience for your solo!
The helpless jumping spider fails to defend itself.
You slash the jumping spider! You burn the jumping spider.
You bite the jumping spider. You drain its power.
You feel invigorated.
The jumping spider is almost dead.
The jumping spider is no longer paralysed.
The jumping spider pounces on you!
You die...

Action                   |  1- 3 |  4- 6 |  7- 9 | 10-12 || total
-------------------------+-------+-------+-------+-------++-------
Melee: Dagger            |   104 |   247 |   419 |   246 ||  1016
       Bite              |    21 |    71 |   174 |   137 ||   403
       Short sword       |       |       |    29 |    20 ||    49
       Scimitar          |       |       |       |   105 ||   105
 Fire: Blowgun           |       |       |       |     5 ||     5
Invok: Stomp             |       |       |       |     2 ||     2
  Use: Scroll            |       |       |    17 |    10 ||    27
 Stab: Distracted        |     2 |     2 |     4 |       ||     8
       Sleeping          |     7 |     2 |     8 |     7 ||    24
       Paralysed         |       |     1 |     9 |    12 ||    22
  Eat: Chunk             |     1 |     7 |    14 |    12 ||    34
       Royal jelly       |       |       |       |     1 ||     1
Armor: Robe              |    11 |       |       |       ||    11
       Ring mail         |     7 |    29 |       |       ||    36
       Scale mail        |       |    27 |   111 |    93 ||   231
       Troll leather arm |       |       |       |    15 ||    15
Dodge: Dodged            |    54 |    91 |   149 |   214 ||   508
Block: Buckler           |     1 |    29 |    87 |    89 ||   206
       Rpst.: Scimitar   |       |       |       |    23 ||    23

Vault maps used:
D:1:      nagdon_arrival_double_spiral, minmay_heptomino_h4
D:2:      grunt_temple_overflow_open, tso_metal_star,
          nemelex_diamond_rough_becter, uniq_jessica, uniq_terence
D:4:      serial_bayou_pond_a
D:5:      first_bread
D:6:      cheibrodos_worm_habitat
D:7:      uniq_pikel, uniq_duvessa
D:8:      kennysheep_blocky_hall, yredelemnul_forgotten_temple_becter,
          uniq_erica, uniq_grum
D:9:      nicolae_ru_path_of_blood, hangedman_fish_farm
Temple:   nicolae_temple_elliptical
Lair:2:   spider_nest_entry_funnel_web, minivault_11, beast_lair_carwin_1

Notes
Turn   | Place    | Note
-------+----------+-------------------------------------------
     0 | D:1      | Yakui the Vine Stalker Assassin began the quest for the Orb.
     0 | D:1      | Reached XP level 1. HP: 11/11 MP: 2/2
   187 | D:1      | Upgraded the game from 0.20-a0-77-g476458c to 0.20-a0-81-g6e69d53
   187 | D:1      | Upgraded the game from 0.20-a0-81-g6e69d53 to 0.20-a0-148-gb6cfb21
   213 | D:1      | Reached skill level 1 in Dodging
   277 | D:1      | Reached skill level 2 in Short Blades
   295 | D:1      | Reached XP level 2. HP: 13/15 MP: 3/3
   558 | D:1      | Reached skill level 2 in Fighting
   669 | D:1      | Reached XP level 3. HP: 15/18 MP: 4/4
  1095 | D:2      | Found a sparkling altar of Nemelex Xobeh.
  1128 | D:2      | Reached skill level 1 in Shields
  1160 | D:2      | Found a glowing golden altar of the Shining One.
  1240 | D:2      | Noticed Terence
  1481 | D:1      | Noticed a phantom
  1607 | D:2      | Killed Terence
  1607 | D:2      | Gained mutation: Your natural rate of healing is unusually fast. [Vine Stalker growth]
  1607 | D:2      | Reached XP level 4. HP: 15/23 MP: 3/5
  1745 | D:2      | Found a glowing silver altar of Zin.
  1747 | D:2      | Found a stormy altar of Qazlal.
  1750 | D:2      | Noticed Jessica
  1754 | D:2      | Killed Jessica
  1754 | D:2      | Reached skill level 2 in Dodging
  1754 | D:2      | Reached skill level 5 in Stealth
  1868 | D:3      | Reached XP level 5. HP: 26/26 MP: 6/6
  2001 | D:3      | Reached skill level 1 in Armour
  2143 | D:3      | Reached skill level 2 in Shields
  2452 | D:3      | Reached XP level 6. HP: 26/32 MP: 4/7
  2877 | D:4      | Found a staircase to the Ecumenical Temple.
  2909 | Temple   | Entered the Ecumenical Temple
  2941 | Temple   | Became a worshipper of Uskayaw the Reveler
  3064 | D:4      | Noticed Xiguana's ghost (amateur DrCK)
  3085 | D:4      | Reached * piety under Uskayaw
  3095 | D:4      | Reached ** piety under Uskayaw
  3389 | D:4      | Reached skill level 3 in Short Blades
  3488 | D:4      | Reached *** piety under Uskayaw
  3489 | D:4      | Killed Xiguana's ghost
  3489 | D:4      | Reached skill level 3 in Fighting
  3489 | D:4      | Reached XP level 7. HP: 20/36 MP: 6/8
  3616 | D:4      | Reached skill level 3 in Dodging
  3616 | D:4      | Reached skill level 3 in Shields
  4386 | D:5      | Entered Level 5 of the Dungeon
  4613 | D:5      | Reached skill level 4 in Shields
  4619 | D:5      | Reached **** piety under Uskayaw
  4704 | D:5      | Gained mutation: You have razor-sharp teeth. [Vine Stalker growth]
  4704 | D:5      | Reached XP level 8. HP: 22/42 MP: 9/9
  4772 | D:5      | Reached skill level 4 in Short Blades
  4926 | D:5      | Reached skill level 1 in Invocations
  5292 | D:6      | Reached skill level 2 in Armour
  5315 | D:6      | Reached skill level 4 in Fighting
  5580 | D:6      | Reached skill level 6 in Stealth
  5630 | D:6      | Found a snail-covered altar of Cheibriados.
  5640 | D:6      | Reached skill level 2 in Invocations
  6251 | D:7      | Reached skill level 4 in Dodging
  6251 | D:7      | Reached XP level 9. HP: 29/46 MP: 11/11
  6306 | D:7      | Noticed Dowan
  6307 | D:7      | Noticed Duvessa
  6321 | D:7      | Killed Duvessa
  6326 | D:7      | Killed Dowan
  6575 | D:7      | Noticed Pikel
  6576 | D:7      | Killed Pikel
  6576 | D:7      | Reached skill level 5 in Fighting
  6576 | D:7      | Reached skill level 5 in Short Blades
  6576 | D:7      | Reached skill level 3 in Armour
  6576 | D:7      | Reached skill level 3 in Invocations
  6797 | D:7      | Reached skill level 7 in Stealth
  6948 | D:8      | Reached ***** piety under Uskayaw
  6998 | D:8      | Reached skill level 4 in Invocations
  7153 | D:8      | Reached XP level 10. HP: 45/51 MP: 14/14
  7174 | D:8      | Noticed Erica
  7259 | D:8      | Found a basalt altar of Yredelemnul.
  7331 | D:8      | Found a staircase to the Lair.
  7361 | D:8      | Learned a level 3 spell: Confuse
  7568 | D:8      | Reached skill level 4 in Armour
  7800 | D:8      | Killed Erica
  7800 | D:8      | Reached skill level 6 in Short Blades
  7800 | D:8      | Reached skill level 5 in Dodging
  7800 | D:8      | Reached skill level 8 in Stealth
  8269 | D:9      | Reached skill level 5 in Invocations
  8354 | D:9      | Reached skill level 6 in Fighting
  8600 | D:9      | Found a sacrificial altar of Ru.
  8791 | D:9      | Got a scorched war axe
  8792 | D:9      | Identified the +4 war axe of Exquisite Torment {flame, *Rage rC+ Str+4} (You found it on level 9 of the Dungeon)
  8823 | D:10     | Entered Level 10 of the Dungeon
  8980 | D:10     | Noticed a gargoyle
  9067 | Lair:1   | Entered Level 1 of the Lair of Beasts
  9228 | Lair:1   | Learned a level 2 spell: Repel Missiles
  9248 | Lair:1   | Reached skill level 9 in Stealth
  9248 | Lair:1   | Reached XP level 11. HP: 52/58 MP: 13/16
  9329 | Lair:1   | Reached skill level 5 in Armour
  9340 | Lair:1   | Reached skill level 6 in Invocations
  9516 | Lair:1   | Reached skill level 7 in Short Blades
  9976 | Lair:2   | Reached skill level 6 in Dodging
 10184 | Lair:2   | Found a hole to the Spider Nest.
 10641 | Lair:2   | Reached ****** piety under Uskayaw
 10642 | Lair:2   | HP: 3/58 [yak (6)]
 10650 | Lair:2   | HP: 4/58 [wolf (3)]
 10652 | Lair:2   | HP: 1/58 [wolf (4)]
 10915 | Lair:2   | Got a scintillating tin ring
 11023 | Lair:2   | Identified the ring "Killoliu" {MR- EV+1 Int+9} (You found it on level 2 of the Lair of Beasts)
 11058 | Lair:2   | Reached skill level 7 in Fighting
 11067 | Lair:2   | Slain by a jumping spider

Vanquished Creatures
  Erica (D:8)
  Pikel (D:7)
  A merfolk (D:9)
  The ghost of Xiguana the Skirmisher, an amateur DrCK of Xom (D:4)
  2 jumping spiders (Lair:2)
  A polar bear (Lair:2)
  3 trolls (D:9)
  3 hippogriffs
  3 blink frogs (Lair:2)
  A redback (Lair:2)
  7 yaks
  2 hungry ghosts
  A basilisk (Lair:2)
  A water moccasin (Lair:1)
  Duvessa (D:7)
  3 porcupines
  An ice beast (D:9)
  A black bear (D:8)
  3 orc warriors
  A slave (D:7)
  A hornet zombie (D:6)
  A sky beast (D:8)
  3 ogres
  A phantom (D:10)
  6 wolves (Lair:2)
  4 centaurs
  A crocodile (Lair:2)
  9 bullfrogs
  A wyvern zombie (D:8)
  Dowan (D:7)
  4 scorpions
  2 howler monkeys (D:8)
  9 crimson imps
  A bullfrog zombie (D:7)
  6 hounds
  3 orc priests
  2 bullfrog skeletons
  3 iguanas
  Jessica (D:2)
  Terence (D:2)
  8 worker ants
  4 gnolls (D:5)
  A howler monkey skeleton (D:8)
  14 adders
  A shadow imp (D:8)
  2 oozes
  5 worms
  A dart slug (D:3)
  3 leopard geckos
  24 orcs
  5 giant cockroaches
  10 goblins
  10 hobgoblins
  11 jackals
  2 quokkas
  A ball python (D:4)
  8 bats
  5 frilled lizards
  A jackal skeleton (D:5)
  8 kobolds
  A leopard gecko skeleton (D:5)
  A leopard gecko zombie (D:8)
  A quokka skeleton (D:8)
  A quokka zombie (D:3)
  11 rats
  A spectral orc (D:8)
238 creatures vanquished.

Vanquished Creatures (others)
  A quokka (D:7)
  A fungus (Lair:2)
2 creatures vanquished.

Grand Total: 240 creatures vanquished
